 Dungeon Crawl Stone Soup version 0.19-a0-723-g16b73b3 (webtiles) character file.

23417 TheGoonsmith the Destroyer (level 12, -6/68 HPs)
             Began as a Deep Elf Conjurer on June 21, 2016.
             Was an Elder of Vehumet.
             Mangled by a catoblepas (25 damage)
             ... on level 2 of the Lair of Beasts.
             The game lasted 00:29:58 (12400 turns).

TheGoonsmith the Destroyer (Deep Elf Conjurer)     Turns: 12400, Time: 00:29:59

Health: -6/68      AC:  9    Str:  5    XL:     12   Next: 71%
Magic:  17/29      EV: 21    Int: 22    God:    Vehumet [****..]
Gold:   534        SH:  0    Dex: 19    Spells: 4 memorised, 21 levels left

rFire  + + .     SeeInvis .     B - +3 rapier (venom)
rCold  + . .     Gourm    .     F - +2 robe {rC+ rF+}
rNeg   . . .     Faith    .     (no shield)
rPois  .         Spirit   .     l - +1 helmet
rElec  .         Dismiss  .     v - +1 cloak
rCorr  .         Reflect  .     (no gloves)
SustAt .         Harm     .     s - +0 pair of boots
MR     ++...                    o - amulet of regeneration
Stlth  +++.......               x - ring of protection from magic
                                H - ring of protection from fire

@: very resistant to hostile enchantments, fairly stealthy
A: no striking features
a: Renounce Religion


You were on level 2 of the Lair of Beasts.
You worshipped Vehumet.
Vehumet was greatly pleased with you.
You were not hungry.

You visited 3 branches of the dungeon, and saw 13 of its levels.

You collected 771 gold pieces.
You spent 237 gold pieces at shops.

Inventory:

Hand Weapons
 d - a +0 club
 j - a +0 mace
 w - a +0 short sword of venom
 B - a +3 rapier of venom (weapon)
Armour
 a - a +0 robe
 l - a +1 helmet (worn)
 s - a +0 pair of boots (worn)
 v - a +1 cloak (worn)
 C - a +0 robe
 F - a +2 robe of resistance (worn)
Jewellery
 o - an amulet of regeneration (around neck)
 x - a ring of protection from magic (right hand)
 H - a ring of protection from fire (left hand)
Wands
 A - a wand of flame (40/48)
 D - a wand of acid (3/15)
 L - a wand of confusion (26/48)
 Q - a wand of iceblast (6/15)
 V - a wand of polymorph (15/24)
Scrolls
 g - 2 scrolls of blinking
 h - 4 scrolls of teleportation
 k - 2 scrolls of random uselessness
 q - a scroll of recharging
 r - 9 scrolls of identify
 y - 7 scrolls of remove curse
 z - 4 scrolls of amnesia
 G - 3 scrolls of enchant weapon
 M - a scroll of fog
 S - a scroll of magic mapping
 U - a scroll of fear {unknown}
Potions
 e - a potion of ambrosia
 f - a potion of invisibility
 i - a potion of curing
 m - 2 potions of cancellation
 t - a potion of degeneration
 u - 2 potions of lignification
 E - 2 potions of agility
 K - 2 potions of brilliance
 O - a potion of mutation {unknown}
 P - a potion of resistance
 R - a potion of magic {unknown}
 T - a potion of flight {unknown}
Books
 b - a book of Conjurations

   Spells                             Type                      Level
   a - Magic Dart                     Conjuration                  1
   b - Searing Ray                    Conjuration                  2
   c - Dazzling Spray                 Conjuration/Hexes            3
   d - Fulminant Prism                Conjuration/Hexes            4
   e - Iskenderun's Mystic Blast      Conjuration                  4
   f - Iskenderun's Battlesphere      Conjuration/Charms           5
 J - a book of Frost

   Spells                             Type                      Level
   a - Freeze                         Ice                          1
   b - Throw Frost                    Conjuration/Ice              2
   c - Ozocubu's Armour               Charms/Ice                   3
   d - Throw Icicle                   Conjuration/Ice              4
   e - Summon Ice Beast               Ice/Summoning                4
 W - a book of Dreams

   Spells                             Type                      Level
   a - Ensorcelled Hibernation        Hexes/Ice                    2
   b - Silence                        Hexes/Air                    5
   c - Darkness                       Hexes                        6
   d - Shadow Creatures               Summoning                    6
Comestibles
 c - 12 bread rations
 n - 2 chunks of flesh
 p - 11 meat rations
 I - 3 slices of pizza
 N - 3 beef jerkies


   Skills:
 - Level 5.0 Fighting
 - Level 10.2 Dodging
 - Level 2.4 Stealth
 - Level 11.0 Spellcasting
 + Level 14.1 Conjurations
 - Level 12.7 Hexes
 - Level 7.6 Charms


You had 21 spell levels left.
You knew the following spells:

 Your Spells              Type           Power        Failure   Level  Hunger
a - Magic Dart            Conj           ####         1%          1    None
b - Searing Ray           Conj           ######       1%          2    None
c - Fulminant Prism       Conj/Hex       ######....   1%          4    #......
z - Iskenderun's Battles  Conj/Chrm      ######..     1%          5    ####...


Dungeon Overview and Level Annotations

Branches:
Dungeon (10/15)            Temple (1/1) D:7            Lair (2/6) D:10
 Shoals (0/4) Lair:2
  Snake: Lair:2-4    Spider: Lair:2-4       Orc: D:9-12

Altars:
Ashenzari
Cheibriados
Dithmenos
Elyvilon
Fedhas
Gozag
Hepliaklqana
Kikubaaqudgha
Makhleb
Nemelex Xobeh
Okawaru
Pakellas
Qazlal
Ru
Sif Muna
Trog
Uskayaw
Vehumet
Xom
Yredelemnul
Zin
The Shining One

Shops:
D:6 ![([   D:9 *


Message History

Aiming: Fulminant Prism
Press: ? - help, Dir - move target cursor, p - catoblepas You conjure a prism of explosive energy!
The catoblepas breathes a plume of calcifying dust at you.
The blast of calcifying dust hits you! The catoblepas gores you.
* * * LOW HITPOINT WARNING * * *
Your fulminant prism crackles loudly.
Casting: Fulminant Prism
Confirm with . or Enter, or press ? or * to list all spells.
Aiming: Magic Dart
Press: ? - help, Shift-Dir - straight line, f - catoblepas
Aim: a catoblepas (heavily wounded)
The magic dart hits the catoblepas.
The catoblepas is heavily wounded.
Your battlesphere fires!
The barrage of energy hits the catoblepas.
The catoblepas is severely wounded.
The catoblepas gores you!!
You die...

...PP.######..#.#.....#...
................#(#...#...
............#...#........
#..#...#...##.........#..
...#..###(.##...#.#.#...#
#.###.# #.##)...#.....#.#
#.##..###.###...#.....#.#
..##P..##.....*.#.......##
..###.....P###..@.....#..#
#..##.##..P##§§§§Y.*..#.##
#..##...........#.......##
#.#####.###.###..........#
..# ### ### #.......#.##
#.# #.#...#...# #.#
#.#.....### #.# #.#.....#
#.# #.#.....#


You could see a catoblepas, a friendly fulminant prism and a friendly
battlesphere.

Vanquished Creatures
  The ghost of TheGoonsmith the Bludgeoner, a journeyman OgBe of Trog (D:10)
  Erica (D:9)
  The ghost of Justinthyme the Destroyer, a novice HECj of Vehumet (D:8)
  2 hill giants (D:10)
  A lindwurm (Lair:1)
  A manticore (Lair:2)
  A griffon (Lair:2)
  6 elephants (Lair:2)
  3 black mambas
  A gargoyle (D:9)
  3 spiny frogs
  3 komodo dragons
  Grinder (D:4)
  A wyvern (Lair:2)
  A spriggan (D:9)
  A vampire (D:10)
  Eustachio (D:4)
  29 yaks
  A basilisk (D:10)
  A hungry ghost (D:10)
  4 hippogriffs
  7 water moccasins
  The ghost of TheGoonsmith the Caller, an amateur DESu (D:5)
  16 porcupines
  2 black bears (D:7)
  3 orc warriors
  3 necrophages
  A phantom (D:6)
  4 ice beasts
  7 ogres
  3 sky beasts
  3 centaurs
  8 crocodiles
  A big kobold (D:8)
  13 giant frogs
  A wyvern skeleton (D:10)
  3 scorpions
  6 killer bees (D:7)
  7 wights
  A howler monkey (D:6)
  An electric eel (Lair:2)
  4 crimson imps
  The ghost of silvernem the Caller, a weakling DESu of Makhleb (D:3)
  2 quasits
  4 jellies
  4 orc priests
  2 hounds
  Ijyb (D:2)
  4 iguanas
  11 orc wizards
  7 worker ants
  7 sheep (D:10)
  A killer bee zombie (D:10)
  2 hound skeletons
  A howler monkey zombie (D:8)
  6 gnolls
  11 adders
  5 river rats
  2 shadow imps (D:9)
  3 oozes
  2 adder zombies
  2 adder skeletons (D:4)
  2 worms
  2 dart slugs
  4 giant geckos
  34 orcs
  4 ball pythons
  6 bats
  10 giant cockroaches
  10 goblins
  4 hobgoblins
  6 jackals
  8 quokkas
  A giant gecko zombie (D:6)
  6 giant newts
  2 goblin skeletons (D:7)
  2 goblin zombies (D:7)
  10 kobolds
  A kobold zombie (D:7)
  An orc skeleton (D:7)
  An orc zombie (D:7)
  10 rats
  A fungus (Lair:1)
  A plant (D:10)
363 creatures vanquished.

Vanquished Creatures (others)
  50 fulminant prisms
  4 fungi
  8 plants
62 creatures vanquished.

Grand Total: 425 creatures vanquished

Notes
Turn   | Place    | Note
--------------------------------------------------------------
     0 | D:1      | TheGoonsmith the Deep Elf Conjurer began the quest for the Orb.
     0 | D:1      | Reached XP level 1. HP: 10/10 MP: 6/6
    22 | D:1      | Found a shattered altar of Ashenzari.
   169 | D:1      | Reached XP level 2. HP: 15/15 MP: 6/8
   533 | D:1      | Reached skill level 5 in Conjurations
   805 | D:1      | Reached XP level 3. HP: 19/19 MP: 6/10
   839 | D:2      | Noticed Ijyb
   850 | D:2      | Killed Ijyb
   935 | D:2      | Learned a level 2 spell: Searing Ray
  1105 | D:2      | Reached XP level 4. HP: 24/24 MP: 8/12
  1592 | D:3      | Found a faded altar of an unknown god.
  1612 | D:3      | Noticed silvernem's ghost (weakling DESu)
  1634 | D:3      | Killed silvernem's ghost
  1634 | D:3      | Reached skill level 6 in Conjurations
  1634 | D:3      | Reached XP level 5. HP: 28/28 MP: 8/14
  1736 | D:3      | Reached skill level 5 in Spellcasting
  1744 | D:3      | Learned a level 5 spell: Iskenderun's Battlesphere
  1752 | D:3      | Learned a level 4 spell: Fulminant Prism
  2133 | D:3      | Reached skill level 1 in Hexes
  2442 | D:4      | Reached skill level 1 in Charms
  2442 | D:4      | Reached XP level 6. HP: 32/32 MP: 6/16
  2577 | D:4      | Reached skill level 7 in Conjurations
  2626 | D:4      | Found an oddly glowing altar of Pakellas.
  2761 | D:4      | Noticed Grinder
  2770 | D:4      | Killed Grinder
  2770 | D:4      | Reached XP level 7. HP: 20/36 MP: 5/18
  2869 | D:4      | Noticed Eustachio
  2893 | D:4      | Killed Eustachio
  3403 | D:5      | Entered Level 5 of the Dungeon
  3412 | D:4      | Reached skill level 8 in Conjurations
  3488 | D:5      | Noticed TheGoonsmith's ghost (amateur DESu)
  3496 | D:5      | Killed TheGoonsmith's ghost
  3496 | D:5      | Reached XP level 8. HP: 41/41 MP: 5/20
  3720 | D:5      | Reached skill level 5 in Charms
  3743 | D:6      | Found a hide-covered altar of Uskayaw.
  3746 | D:6      | Reached skill level 5 in Hexes
  4033 | D:6      | Reached skill level 9 in Conjurations
  4042 | D:6      | Found a shattered altar of Ashenzari.
  4042 | D:6      | Found a glowing silver altar of Zin.
  4511 | D:6      | Found Opitenag's Distillery.
  4519 | D:6      | Bought a potion of degeneration for 10 gold pieces
  4519 | D:6      | Bought a potion of heal wounds for 50 gold pieces
  4557 | D:6      | Found Mynuphue's Armour Shoppe.
  4593 | D:6      | Bought a +1 cloak for 149 gold pieces
  4613 | D:6      | Found an opulent altar of Gozag.
  4621 | D:6      | Found Reonk's Weapon Shoppe.
  4647 | D:6      | Found Neaji's Armour Shop.
  4761 | D:7      | Reached XP level 9. HP: 45/45 MP: 15/22
  4906 | D:7      | Found a glowing golden altar of the Shining One.
  5108 | D:7      | Reached skill level 10 in Conjurations
  5334 | D:7      | Found a staircase to the Ecumenical Temple.
  5439 | Temple   | Entered the Ecumenical Temple
  6333 | D:8      | Found a stormy altar of Qazlal.
  6452 | D:8      | Reached skill level 11 in Conjurations
  6532 | D:8      | Noticed Justinthyme's ghost (novice HECj)
  6562 | D:8      | Killed Justinthyme's ghost
  6562 | D:8      | Reached XP level 10. HP: 16/50 MP: 0/25
  7155 | D:9      | Noticed a gargoyle
  7160 | D:9      | Killed a gargoyle
  7160 | D:9      | Reached skill level 12 in Conjurations
  7265 | D:9      | Reached skill level 10 in Spellcasting
  7283 | D:9      | Noticed Erica
  7326 | D:9      | Killed Erica
  7326 | D:9      | Reached skill level 5 in Dodging
  7453 | D:9      | Found a snail-covered altar of Cheibriados.
  7618 | D:9      | Found a radiant altar of Vehumet.
  7622 | D:9      | Became a worshipper of Vehumet
  8380 | D:9      | Found a shadowy altar of Dithmenos.
  8613 | D:9      | Found a deep blue altar of Sif Muna.
  8900 | D:9      | Found Juafeax's General Store.
  8906 | D:9      | Reached * piety under Vehumet
  8906 | D:9      | Offered knowledge of Shock by Vehumet.
  8981 | D:9      | Bought a scroll of identify for 28 gold pieces
  9051 | D:10     | Entered Level 10 of the Dungeon
  9139 | D:10     | Noticed TheGoonsmith's ghost (journeyman OgBe)
  9165 | D:10     | Killed TheGoonsmith's ghost
  9165 | D:10     | Reached skill level 10 in Dodging
  9165 | D:10     | Reached XP level 11. HP: 12/54 MP: 6/27
  9175 | D:10     | Noticed a hill giant
  9331 | D:10     | Killed a hill giant
  9363 | D:10     | Noticed a hill giant
  9366 | D:10     | Killed a hill giant
  9654 | D:10     | Reached ** piety under Vehumet
  9654 | D:10     | Offered knowledge of Sandblast by Vehumet.
  9867 | D:10     | Reached skill level 5 in Fighting
  9891 | D:10     | Found a staircase to the Lair.
 10044 | D:10     | Offered knowledge of Ignite Poison by Vehumet.
 10311 | Lair:1   | Entered Level 1 of the Lair of Beasts
 10517 | D:10     | HP: 3/63 [yak (13)]
 10521 | D:10     | Reached *** piety under Vehumet
 10747 | Lair:1   | Noticed a lindwurm
 10757 | Lair:1   | Killed a lindwurm
 10757 | Lair:1   | Reached skill level 10 in Hexes
 10922 | Lair:1   | Reached XP level 12. HP: 68/68 MP: 21/29
 10932 | Lair:1   | Offered knowledge of Stone Arrow by Vehumet.
 11422 | Lair:1   | Reached **** piety under Vehumet
 11909 | Lair:2   | Reached skill level 13 in Conjurations
 11916 | Lair:2   | Found a staircase to the Shoals.
 11920 | Lair:2   | Offered knowledge of Inner Flame by Vehumet.
 12204 | Lair:2   | Reached skill level 14 in Conjurations
 12377 | Lair:2   | Noticed a catoblepas
 12400 | Lair:2   | Mangled by a catoblepas

Vault maps used:
D:1:      onia_arrival_mini_spirals, evilmike_ruin_ashenzari
D:2:      uniq_iyjb
D:3:      ecumenical_altar_2
D:4:      grunt_pakellas_salt, uniq_eustachio, uniq_grinder
D:5:      first_bread, kennysheep_generic_room_6
D:6:      lemuel_crystal_altar, nicolae_overflow_crystal_walls, minitemple,
          serial_shops, shop, shop, nicolae_shop_competitors_out_of_business,
          nicolae_shop_trees
D:7:      nicolae_tso_besieged_by_evil
D:8:      grunt_qazlal_sundering
D:9:      vehumet_crystals, marbit_many_paths,
          nicolae_dithmenos_through_a_glass_darkly, kennysheep_mini_moat,
          serial_shops, shop, the_bakery, serial_bayou_pond_d, uniq_erica
D:10:     minmay_lair_entry_grove
Temple:   minmay_temple_curvy_loop
Lair:1:   grunt_megastairs_3
Lair:2:   dpeg_oklob_gauntlet, minmay_shoals_entry_beasts, columned_hall_lemuel,
          serial_bayou_pond_b, serial_bayou_shore_a

Skill      XL: |  1  2  3  4  5  6  7  8  9 10 11 12 |
---------------+-------------------------------------+-----
Conjurations   | 5 6 7 8 9 11 12 14 | 14.1
Spellcasting   | 4 5 6 7 9 10 11 | 11.0
Hexes          | 1 3 4 6 7 11 12 | 12.7
Charms         | 1 3 4 6 7 |  7.6
Dodging        | 10 | 10.2
Fighting       | 5 |  5.0
Stealth        | |  2.4

Action                   |  1- 3 |  4- 6 |  7- 9 | 10-12 || total
-------------------------+-------+-------+-------+-------++-------
Melee: Unarmed           |     1 |       |       |       ||     1
       Club              |     7 |       |       |       ||     7
       Mace              |       |     2 |       |       ||     2
       Short sword       |       |     7 |     3 |       ||    10
       Rapier            |       |       |    29 |    59 ||    88
 Cast: Magic Dart        |    64 |   117 |   178 |   326 ||   685
       Searing Ray       |       |     6 |    33 |    39 ||    78
       Fulminant Prism   |       |       |     7 |    44 ||    51
       Iskenderun's Batt |       |       |       |    41 ||    41
  Use: Scroll            |       |       |    13 |     9 ||    22
       Potion            |       |       |     2 |     5 ||     7
 Stab: Invisible         |       |       |       |     1 ||     1
  Eat: Chunk             |       |     5 |     6 |    25 ||    36
       Bread ration      |       |       |     1 |       ||     1
       Beef jerky        |       |       |     1 |       ||     1
       Royal jelly       |       |       |       |     1 ||     1
Armor: Robe              |     4 |     9 |    29 |    32 ||    74
Dodge: Dodged            |     6 |    17 |    59 |   183 ||   265
